AoeStats
← bigchipp77

Arabia

509740535Analyzed
1v1 RM · 5d ago on Sep 27, 2026· 52m 6s· 2 players
Game mode
Random Map
Map size
Tiny (2 player)
Population
200
Speed
Normal
Resources
Standard
Victory
Conquest
Starting age
Dark Age
Ending age
Imperial Age
RankedLock teamsTeams togetherTeam positionsShared explorationLock speedFull tech treeHidden civsTurbo modeCheats
Victory
Defeat
🇺🇸 Goths · United States
905
+15
🇨🇦 Byzantines · Canada
874
-15
bar2nice
8:32 Loom
10:46 Feudal Age
11:04 Man-at-Arms
13:02 Double-Bit Axe
13:10 Horse Collar
25:05 Castle Age
23:08 Gold Mining
24:55 Fletching
25:06 Scale Mail Armor
28:04 Wheelbarrow
27:30 Long Swordsman
28:06 Gambesons
27:43 Pikeman
27:48 Elite Skirmisher
28:34 Thumb Ring
29:16 Chain Mail Armor
29:48 Bow Saw
33:53 Squires
33:41 Arson
34:32 Forging
34:19 Bodkin Arrow
39:08 Hand Cart
39:59 Husbandry
40:43 Iron Casting
40:10 Padded Archer Armor
41:10 Heavy Plow
42:27 Leather Archer Armor
42:46 Ballistics
42:22 Murder Holes
46:26 Imperial Age
44:57 Fortified Wall
46:27 Crossbowman
47:31 Conscription
48:15 Chemistry
46:49 Two-Handed Swordsman
48:22 Bracer
48:54 Plate Mail Armor
48:53 Champion
bigchipp77
5:54 Loom
10:12 Feudal Age
11:09 Double-Bit Axe
11:41 Horse Collar
15:08 Wheelbarrow
23:47 Castle Age
23:22 Scale Mail Armor
27:05 Bow Saw
30:46 Heavy Plow
32:59 Forging
38:42 Imperial Age
37:47 Scale Mail Armor
38:24 Iron Casting
37:57 Town Watch
38:50 Chain Mail Armor
38:44 Squires
40:04 Conscription
41:58 Hand Cart
41:46 Town Patrol
42:51 Blast Furnace
42:35 Anarchy
42:37 Perfusion
43:55 Elite Huskarl
Connection lost

Rejoining the realm…

Still unreachable

The connection could not be restored.

Session expired

The server has moved on; the page needs a fresh start.